 Dungeon Crawl Stone Soup version 0.19.5 (webtiles) character file.

1363 Razith the Cleaver (level 8, -1/73 HPs)
             Began as a Deep Dwarf Fighter on May 15, 2017.
             Was a Believer of Zin.
             Slain by a sky beast (4 damage)
             ... on level 5 of the Dungeon.
             The game lasted 00:55:12 (6484 turns).

Razith the Cleaver (Deep Dwarf Fighter)             Turns: 6484, Time: 00:55:13

Health: -1/73      AC:  9    Str: 22    XL:     8   Next: 38%
Magic:  9/9        EV:  7    Int:  9    God:    Zin [**....]
Gold:   242        SH: 10    Dex: 12    Spells: 0 memorised, 7 levels left

rFire  x . .     SeeInvis .     L - +0 war axe
rCold  + . .     Gourm    .     Q - +0 chain mail
rNeg   . . .     Faith    .     c - +0 shield
rPois  .         Spirit   .     (no helmet)
rElec  .         Reflect  .     (no cloak)
rCorr  .         Harm     .     (no gloves)
MR     +....                    (no boots)
Stlth  ..........               (no amulet)
                                (no ring)
                                K - ring of ice

@: non-regenerating
A: damage resistance, recharge devices, sense surroundings 1, slow regeneration
3
a: Device Recharging, Recite, Vitalisation, Donate Gold, Renounce Religion


You were on level 5 of the Dungeon.
You worshipped Zin.
Zin was pleased with you.
You were not hungry.

You visited 1 branch of the dungeon, and saw 6 of its levels.

You collected 268 gold pieces.
You donated 26 gold pieces to Zin.

Inventory:

Hand Weapons
 a - a +0 war axe
 C - a +0 hand axe
 L - a +0 war axe (weapon)
 M - a +0 hand axe
Missiles
 h - 73 stones (quivered)
 n - 33 poisoned needles
 w - 52 bolts
Armour
 b - a +0 scale mail
 c - a +0 shield (worn)
 d - a +0 chain mail
 l - a +1 robe of fire resistance
 p - a +0 chain mail
 t - a +0 robe
 x - a +0 robe
 B - a +0 chain mail
 G - a +0 chain mail
 I - a +0 ring mail
 Q - a +0 chain mail (worn)
Jewellery
 m - a -3 ring of evasion
 K - a ring of ice (left hand)
Wands
 e - a wand of heal wounds (0/9)
Scrolls
 g - a scroll of remove curse
 i - 2 scrolls of enchant armour {unknown}
 j - a scroll of random uselessness
 k - a scroll of identify
 E - 2 scrolls of blinking
 F - a scroll of teleportation
 P - a scroll of amnesia
Potions
 o - 2 potions of agility {unknown}
 q - 3 potions of lignification
 r - a potion of berserk rage
 H - a potion of flight
 J - a potion of curing
Comestibles
 f - a bread ration
 u - 2 slices of pizza


   Skills:
 + Level 4.3 Fighting
 + Level 8.0 Axes
 + Level 5.2 Armour
 + Level 2.2 Dodging
 + Level 0.3 Stealth
 + Level 5.8 Shields
 + Level 1.3 Evocations


You had 7 spell levels left.
You didn't know any spells.

Dungeon Overview and Level Annotations

Branches:
Dungeon (6/15)
 Temple: D:4-7

Altars:
Ashenzari
Cheibriados
Gozag
Makhleb
Ru
Sif Muna
Uskayaw
Vehumet
Zin

Shops:
D:4 :


Innate Abilities, Weirdness & Mutations

You are resistant to damage.
You can recharge devices by infusing magical energy.
You passively map a small area around you.
You do not regenerate.


Message History

Your shield and chain mail prevent you from hitting something.
Something hits you but does no damage. Something hits you.
* * * LOW HITPOINT WARNING * * *
Something shocks you.
* * * LOW HITPOINT WARNING * * *
You hit something but do no damage. Something hits you. Something shocks you.
* * * LOW HITPOINT WARNING * * *
You miss something. Something hits you but does no damage.
You closely miss something. Something completely misses you.
You miss something. Something hits you but does no damage.
You miss something. Something hits you but does no damage.
You hit something.
A sky beast appears from thin air!
Reactivating autopickup.
The sky beast hits you. The sky beast shocks you.
* * * LOW HITPOINT WARNING * * *
You block the sky beast's attack.
You slash the sky beast!
The sky beast is severely wounded.
The sky beast hits you. The sky beast shocks you.
You die...

##............##...#
##.........####..##
##......#####....#
###..### ##.....## *
#### ##.......# ,
##........#
##.........## .#
###....>......# ..##*
###...#..@......#
....###....##..Y......#
#.......####.........#
###.....## ##........#
##.....# #........#
#.....# ##.......#
##.....## #......## *
##.......# ##.....#
##........## #....)#


You could see a sky beast.

Vanquished Creatures
  Grinder (D:3)
  2 ogres
  A scorpion (D:4)
  3 wights (D:3)
  2 howler monkeys
  A centaur zombie (D:5)
  A crimson imp (D:5)
  A jelly (D:5)
  3 hounds
  2 orc priests (D:5)
  3 bullfrog skeletons
  An iguana (D:5)
  3 orc wizards
  3 worker ants
  A hound zombie (D:4)
  2 hound skeletons
  9 adders
  2 shadow imps (D:5)
  5 dart slugs
  3 worms
  6 leopard geckos
  13 orcs
  7 giant cockroaches
  6 goblins
  8 hobgoblins
  4 jackals (D:3)
  A quokka (D:3)
  3 ball pythons
  10 bats
  A frilled lizard (D:3)
  6 kobolds
  6 rats
  A plant (D:5)
121 creatures vanquished.

Notes
Turn   | Place    | Note
-------+----------+-------------------------------------------
     0 | D:1      | Razith the Deep Dwarf Fighter began the quest for the Orb.
     0 | D:1      | Reached XP level 1. HP: 20/20 MP: 1/1
   407 | D:1      | Reached XP level 2. HP: 25/27 MP: 2/2
  2390 | D:2      | Reached XP level 3. HP: 21/34 MP: 3/3
  2410 | D:2      | Reached skill level 3 in Axes
  2754 | D:2      | Reached XP level 4. HP: 11/42 MP: 4/4
  3124 | D:3      | Noticed an ogre
  3138 | D:3      | Killed an ogre
  3138 | D:3      | Reached skill level 4 in Axes
  3138 | D:3      | Reached XP level 5. HP: 46/49 MP: 5/5
  3187 | D:3      | Reached skill level 1 in Dodging
  3296 | D:3      | Reached skill level 1 in Evocations
  3301 | D:3      | Reached XP level 6. HP: 19/56 MP: 6/6
  3457 | D:3      | Found a burning altar of Makhleb.
  3540 | D:3      | Noticed Grinder
  3547 | D:3      | Reached skill level 5 in Axes
  3548 | D:3      | Paralysed by Grinder for 5 turns
  3570 | D:3      | Paralysed by Grinder for 6 turns
  3587 | D:3      | Paralysed by Grinder for 6 turns
  3596 | D:3      | Paralysed by Grinder for 5 turns
  3604 | D:3      | Killed Grinder
  3604 | D:3      | Reached XP level 7. HP: 41/63 MP: 6/8
  3790 | D:3      | Reached skill level 6 in Axes
  4319 | D:4      | Found an opulent altar of Gozag.
  4330 | D:4      | Found a snail-covered altar of Cheibriados.
  4347 | D:4      | Found a glowing silver altar of Zin.
  4347 | D:4      | Found a deep blue altar of Sif Muna.
  4352 | D:4      | Found a hide-covered altar of Uskayaw.
  4354 | D:4      | Found a radiant altar of Vehumet.
  4367 | D:4      | Found a burning altar of Makhleb.
  4415 | D:4      | Became a worshipper of Zin the Law-Giver
  4415 | D:4      | Reached * piety under Zin
  4493 | D:4      | Reached skill level 5 in Shields
  4681 | D:4      | Found Kaekk's Book Boutique.
  5041 | D:5      | Entered Level 5 of the Dungeon
  5052 | D:5      | Reached skill level 7 in Axes
  5060 | D:5      | Reached ** piety under Zin
  5390 | D:5      | Reached XP level 8. HP: 21/72 MP: 9/9
  5639 | D:5      | Reached skill level 5 in Armour
  5746 | D:5      | Found a shattered altar of Ashenzari.
  5746 | D:5      | Found a sacrificial altar of Ru.
  6163 | D:5      | Reached skill level 8 in Axes
  6483 | D:5      | HP: 3/73 [sky beast (3)]
  6484 | D:5      | Slain by a sky beast

Skill      XL: |  1  2  3  4  5  6  7  8 |
---------------+-------------------------+-----
Fighting       | 3 4 |  4.3
Axes           | 3 4 5 7 8 |  8.0
Shields        | 4 5 |  5.8
Armour         | 4 5 |  5.2
Dodging        | 1 2 |  2.2
Evocations     | 1 |  1.3
Stealth        | |  0.3

Action                   |  1- 3 |  4- 6 |  7- 9 || total
-------------------------+-------+-------+-------++-------
Melee: War axe           |   124 |    89 |   220 ||   433
       Hand axe          |       |    49 |   116 ||   165
Evoke: Wand              |       |     7 |     1 ||     8
  Use: Scroll            |       |    10 |     3 ||    13
       Potion            |       |     2 |     3 ||     5
  Eat: Meat ration       |     1 |       |     1 ||     2
       Bread ration      |     1 |       |     1 ||     2
Armor: Scale mail        |    66 |    62 |    30 ||   158
       Chain mail        |       |       |   126 ||   126
Dodge: Dodged            |    36 |    50 |    64 ||   150
Block: Shield            |    65 |    62 |   166 ||   293
